Cogmind - Beta 13 @@@ ROGUE MODE // 2024.06.05 @ 23:15:46 Player: Selene Result: Destroyed by YL-X6O(R) with Subdweller Laser Performance ------------- Evolutions (0) 0 Regions Visited (2) 400 Robots Destroyed (29) 145 Value Destroyed (678) 678 Prototype IDs (0) 0 Alien Tech Used (0) 0 Bonus (0) 0 TOTAL SCORE: 1223 Bonus ------- None Cogmind --------- Core Integrity 0/250 Matter 300/300 Energy 250/250 System Corruption 0% Temperature Cool (6) Movement Core (850) Ox16 Location -10/Subcaves Parts ------- > --- POWER (1) -------- Ion Engine > --- PROPULSION (2) --- Aluminum Leg > --- UTILITY (2) ------ High-capacity Storage Unit Core Shielding > --- WEAPON (2) ------- Assault Rifle Mace > --- INVENTORY (20) --- Subdweller Power Source Aluminum Leg Subdweller Monowheel Medium Storage Unit Structural Scanner Visual Processing Unit Signal Interpreter Seismic Detector Subdweller Laser Subdweller Beam Cannon Assault Rifle Battle Cannon Datajack Makeshift Spear Scrap Shield Fragment (34) Scrap Shield Fragment (26) Scrap Shield Fragment (4) Peak State ------------ > --- POWER ------------ Ion Engine > --- PROPULSION ------- Light Treads Light Treads > --- UTILITY ---------- Improved Heat Sink High-capacity Storage Unit > --- WEAPON ----------- Particle Cannon Particle Cannon > --- INVENTORY -------- Ion Engine Ion Engine Ion Engine Aluminum Leg Aluminum Leg Aluminum Leg Aluminum Leg Aluminum Leg Aluminum Leg Structural Scanner Visual Processing Unit Signal Interpreter Seismic Detector Transport Network Coupler Assault Rifle Grenade Launcher Datajack Mace [Rating: 13] Favorites ----------- Power Ion Engine Engine Ion Engine Propulsion Light Treads Treads Light Treads Leg Aluminum Leg Utility High-capacity Storage Unit Device Improved Heat Sink Storage High-capacity Storage Unit Protection Core Shielding Weapon Particle Cannon Energy Gun Small Laser Energy Cannon Particle Cannon Ballistic Gun Assault Rifle Launcher Grenade Launcher Impact Weapon Mace Build | -11 -10 -10 ------- Run | Yrd Mat Sub Slots Evolved . | . . . Power . | . . . Propulsion . | . . . Utility . | . . . Weapon . | . . . Parts Attached 37 | 7 17 13 Power 6 | 1 3 2 Engine 6 | 1 3 2 Core . | . . . Reactor . | . . . Propulsion 11 | 2 3 6 Treads 3 | . 2 1 Leg 8 | 2 1 5 Wheel . | . . . Hover . | . . . Flight . | . . . Utility 5 | 2 2 1 Device 2 | 1 1 . Storage 2 | 1 1 . Processor . | . . . Hackware . | . . . Protection 1 | . . 1 Artifact . | . . . Weapon 15 | 2 9 4 Energy Gun 2 | 2 . . Energy Cannon 5 | . 4 1 Ballistic Gun 3 | . 2 1 Ballistic Cannon . | . . . Launcher 3 | . 2 1 Special Weapon . | . . . Impact Weapon 2 | . 1 1 Slashing Weapon . | . . . Piercing Weapon . | . . . Special Melee Weapon . | . . . Unidentified Prototypes . | . . . Parts Lost 12 | . 1 11 Power 2 | . . 2 Propulsion 5 | . . 5 Utility 1 | . . 1 Weapon 4 | . 1 3 Highest Loss Streak 8 | . 1 8 To Critical Strikes . | . . . Average Slot Usage (%) 99 | . 99 98 Engine 13 | . 14 13 Treads 17 | . 22 9 Leg 10 | . 5 17 Device 9 | . 14 1 Storage 14 | . 14 14 Protection 4 | . . 12 Energy Cannon 17 | . 23 4 Ballistic Gun 5 | . 3 9 Launcher 1 | . . 3 Impact Weapon 3 | . . 9 Naked Turns . | . . . Heaviest Build 54 | 13 54 54 Greatest Support 40 | 20 40 40 Greatest Overweight (x) 16 | . 1 16 Average Overweight (x) . | . . 2 Largest Inventory Capacity 20 | 8 20 20 Average Capacity 17 | 7 16 20 Most Carried 20 | 7 20 20 Average Carried 14 | 3 13 17 Final Capacity 20 | 8 20 20 Final Carried 20 | 7 20 17 Class Distribution -------------------- 100% | Mutant Dominant Class ---------------- Mutant | -10/Materials Mutant | -10/Subcaves Resources | -11 -10 -10 ----------- Run | Yrd Mat Sub Matter Collected 768 | 264 312 192 Remotely . | . . . Salvage Created 812 | 11 548 253 Parts 56 | 4 42 10 Haulers Intercepted 2 | . 2 . Recyclers Shooed . | . . . Parts Field Recycled . | . . . Retrieved Matter . | . . . Parts Self-Destructed 5 | . . 5 Prevented . | . . . Kills | -11 -10 -10 ------- Run | Yrd Mat Sub Combat Hostiles Destroyed 19 | . 12 7 Guns 6 | . 4 2 Cannons 2 | . 2 . AOE 10 | . 6 4 Classes Destroyed 8 | 1 6 1 Builder 2 | . 2 . Tunneler 1 | 1 . . Hauler 2 | . 2 . Operator 2 | . 2 . Watcher 3 | . 3 . Swarmer 6 | . 6 . Grunt 6 | . 6 . Subdweller 7 | . . 7 Best Kill Streak 5 | 1 5 2 Combat Bots Only 5 | . 5 2 Max Kills in Single Turn 3 | 1 3 1 Gunslinging . | . . . Exploded 3 | . 3 1 Melee . | . . . Uniques/NPCs Destroyed . | . . . Combat | -11 -10 -10 -------- Run | Yrd Mat Sub Hostile Shots Fired 121 | . 62 59 Missed 28 | . 17 11 Damage Taken 1912 | . 567 1345 Core 261 | . 50 211 Absorbed by Shields . | . . . Redirected to Shielding 46 | . . 46 Core Remaining (%) 100 | 100 . . Volleys Fired 67 | 2 42 23 Largest 2 | 2 2 2 Hottest 136 | 80 136 136 Shots Fired 105 | 4 76 25 Gun 50 | 4 37 9 Cannon 44 | . 36 8 Launcher 11 | . 3 8 Special . | . . . Kinetic 46 | . 37 9 Thermal 48 | 4 36 8 Explosive 11 | . 3 8 Electromagnetic . | . . . Robot Hit Streak 21 | 3 13 21 Robot Miss Streak 2 | 1 2 1 Penetration Max . | . . . Secondary Targets . | . . . Shots Hit Robots 78 | 3 50 25 Core Hits 37 | 2 24 11 Critical Kills . | . . . Critical Parts Destroyed . | . . . Critical Strikes . | . . . Melee Attacks 16 | . 3 13 Impact 16 | . 3 13 Slashing . | . . . Piercing . | . . . Sneak Attacks . | . . . Combat Hostiles . | . . . Follow-up Attacks . | . . . Damage Inflicted 2002 | 32 1155 815 Guns 459 | 32 321 106 Cannons 618 | . 495 123 Explosions 830 | . 339 491 Melee 95 | . . 95 Ramming . | . . . Kinetic 427 | . 321 106 Thermal 650 | 32 495 123 Explosive 830 | . 339 491 Electromagnetic . | . . . Impact 95 | . . 95 Slashing . | . . . Piercing . | . . . Highest Corruption . | . . . Average Corruption . | . . . Corruption Purged . | . . . Corruption Blocked . | . . . Overload Shots . | . . . Overflow Damage 20 | . 11 9 Projectiles 11 | . 11 . Explosions 4 | . . 4 Melee 5 | . . 5 Knockbacks . | . . . Impact . | . . . Kinetic . | . . . Secondary . | . . . Self-Inflicted Damage 123 | . 29 94 Shots 8 | . 2 6 Rammed . | . . . Targets Rammed . | . . . Kicked . | . . . Crushed . | . . . Highest Temperature 225 | 36 132 225 Average Temperature 40 | 20 32 89 Received Heat Transfer 763 | . 255 508 Effects 1 | . . 1 Interference 1 | . . 1 Siege Activations . | . . . Robots Corrupted . | . . . Combat Hostiles . | . . . Parts Fried 1 | . . 1 Impact Corruptions 2 | . . 2 Robots Melted . | . . . Combat Hostiles . | . . . Parts Melted 2 | . 1 1 Heat Transferred 1185 | 75 888 222 Parts Sabotaged . | . . . Parts Stolen . | . . . Parts Stripped . | . . . Power Chain Reactions . | . . . Alert | -11 -10 -10 ------- Run | Yrd Mat Sub Peak Influence 142 | 5 142 . Initial 3 | . 3 . Average 53 | 1 56 . Maximum Alert Level . | . . . Low Security (%) 100 | 100 100 . Level 1 . | . . . Level 2 . | . . . Level 3 . | . . . Level 4 . | . . . Level 5 . | . . . High Security . | . . . Max Security . | . . . Squads Dispatched 1 | . 1 . Investigation . | . . . Extermination . | . . . Reinforcement 1 | . 1 . Assault . | . . . Garrison . | . . . Intercept . | . . . Searches Triggered . | . . . Construction Impeded . | . . . Haulers Reinforced . | . . . Active Scanning Responses . | . . . Cargo Convoy Interrupts . | . . . Stealth | -11 -10 -10 --------- Run | Yrd Mat Sub Distress Signals 2 | . 2 . Communications Jammed . | . . . Distress Signals . | . . . Times Spotted 29 | . 19 10 Peak Tracking Total 6 | . 6 3 Tactical Retreats 2 | . 2 . Traps | -11 -10 -10 ------- Run | Yrd Mat Sub Traps Triggered . | . . . Indirectly . | . . . Trap Hack Attempts . | . . . Triggered . | . . . Disarmed . | . . . Reprogrammed . | . . . Reused . | . . . Traps Extracted . | . . . Installed . | . . . Triggered 1 | . . 1 Machines | -11 -10 -10 ---------- Run | Yrd Mat Sub Machines Disabled 3 | . 3 . Max in Single Turn 1 | . 1 . Machines Repaired . | . . . Machines Dismantled . | . . . Machines Sabotaged . | . . . Overloaded Fab Kills . | . . . Hacking | -11 -10 -10 --------- Run | Yrd Mat Sub Machines Accessed 9 | . 9 . Terminals 6 | . 6 . Fabricators . | . . . Repair Stations 1 | . 1 . Recycling Units 2 | . 2 . Scanalyzers . | . . . Garrison Access . | . . . Total Hacks 17 | . 17 . Successful 9 | . 9 . Failed 8 | . 8 . Catastrophic 1 | . 1 . Database Lockouts . | . . . Manual 8 | . 8 . Terminals 13 | . 13 . Fabricators . | . . . Repair Stations 1 | . 1 . Recycling Units 3 | . 3 . Scanalyzers . | . . . Garrison Access . | . . . Terminal Hacks 5 | . 5 . Robot Analysis 1 | . 1 . Locate Traps 3 | . 3 . Zone Layout 1 | . 1 . Fabricator Hacks . | . . . Repair Station Hacks 1 | . 1 . Scan Component 1 | . 1 . Recycling Unit Hacks 2 | . 2 . Report Inventory 2 | . 2 . Scanalyzer . | . . . Garrison Access Hacks . | . . . Unauthorized Hacks 1 | . 1 . Terminals . | . . . Fabricators . | . . . Repair Stations . | . . . Recycling Units 1 | . 1 . Reject 1 | . 1 . Scanalyzers . | . . . Garrison Access . | . . . Data Cores Recovered 1 | . 1 . Used . | . . . Hacking Detections 7 | . 7 . Full Trace Events . | . . . Feedback Events . | . . . Feedback Blocked . | . . . Robot Schematics Acquired . | . . . Robots Built . | . . . Authchips . | . . . Time . | . . . Total Robot Build Rating . | . . . Part Schematics Acquired . | . . . Parts Built . | . . . Authchips . | . . . Time . | . . . Total Part Build Rating . | . . . Parts Repaired . | . . . Time . | . . . Parts Recycled . | . . . Recycled Matter . | . . . Retrieved Matter . | . . . Retrieved Components . | . . . Parts Scanalyzed . | . . . Part Schematics Acquired . | . . . Parts Damaged . | . . . Bothacking | -11 -10 -10 ------------ Run | Yrd Mat Sub Used RIF Installer . | . . . Robots Hacked . | . . . Non-combat . | . . . Combat . | . . . Robot Hacks Applied . | . . . Relay Couplers Released . | . . . Fabnet Peak Effective % . | . . . Robots Rewired . | . . . Allies Hacked . | . . . Hacks Repelled . | . . . Allies | -11 -10 -10 -------- Run | Yrd Mat Sub Total Allies . | . . . Largest Group . | . . . Highest-Rated Group . | . . . Highest-Rated Ally . | . . . Total Orders . | . . . Ally Attacks . | . . . Total Damage . | . . . Kills . | . . . Allies Corrupted . | . . . Allies Melted . | . . . Intel | -11 -10 -10 ------- Run | Yrd Mat Sub Robot Analysis Total 1 | . 1 . Derelict Logs Recovered . | . . . Drone Launches . | . . . Drone Recoveries . | . . . Exploration | -11 -10 -10 ------------- Run | Yrd Mat Sub Turns Passed 3399 | 110 2157 1132 Spaces Moved 1335 | 66 929 340 Core 8 | 6 . 2 Treads 917 | . 689 228 Legs 410 | 60 240 110 Wheels . | . . . Hover . | . . . Flight . | . . . Fastest Speed 50 | 50 120 240 Average Speed 221 | 113 200 302 Slowest Speed 850 | 120 240 850 Overloaded Moves . | . . . Propulsion Burnouts . | . . . Robots Hopped . | . . . Cave-ins Triggered . | . . . Exploration Rate (%) 44 | 5 99 28 Regions Visited 2 Branch Regions 1 Pre-discovered Areas . | . . . Known Exits Taken . | . . . Unknown Exits Taken 2 | 1 1 . Scrap Searched 1 | . . 1 Spaces Dug 3 | . 3 . Terrain Destroyed 73 | . 19 54 Melee 3 | . 3 . Projectile . | . . . AOE 70 | . 16 54 Terrain Rammed . | . . . Walls Destroyed . | . . . Machines Disabled . | . . . Actions | -11 -10 -10 --------- Run | Yrd Mat Sub Total 1648 | 93 1152 403 Wait 128 | 12 115 1 Move 1333 | 65 928 340 Hop . | . . . Pick Up 43 | 7 26 10 Fast Attach 11 | 7 4 . Attach 11 | . 1 10 Detach . | . . . Swap 15 | . 12 3 Drop 24 | . 21 3 Fire 67 | 2 42 23 Melee 16 | . 3 13 Ram . | . . . Kick . | . . . Crush . | . . . Escape Stasis . | . . . Rewire . | . . . Trap . | . . . Miscellaneous . | . . . Route ------- -11/Scrapyard -10/Materials (discovered 6 exits: [*Mat x3] / [*Min x2] / [*Sub]) -10/Subcaves History --------- Turn | Location | Event 6 | -11/Scrapyard | Discovered new exit (range 14) 111 | -11/Scrapyard | Entered Materials 310 | -10/Materials | Discovered new exit (range 14) 346 | -10/Materials | Build established: Mutant 810 | -10/Materials | Discovered new exit (range 5) 843 | -10/Materials | Discovered new exit (range 15) 1654 | -10/Materials | Discovered new exit (range 3) 1795 | -10/Materials | Discovered new exit (range 3) 2256 | -10/Materials | Discovered new exit (range 6) 2268 | -10/Materials | Entered Subcaves 2569 | -10/Subcaves | Disturbed a concealed Subdweller 2578 | -10/Subcaves | Ambushed by Subdweller buried in earth 2578 | -10/Subcaves | Ambushed by Subdweller buried in earth 2605 | -10/Subcaves | Core integrity fell below 50% 2630 | -10/Subcaves | Ambushed by Subdweller buried in earth 2661 | -10/Subcaves | Lost 8 parts (2p3n3w) 3366 | -10/Subcaves | Core integrity fell below 20% 3400 | -10/Subcaves | Destroyed by YL-X6O(R) with Subdweller Laser Last Messages --------------- 02664_ Acquired Sub. Laser. 02678_ Searching scrap... 02678_ Found Battle Cannon. 02678_ Found 31 Matter. 02679_ Acquired 31 matter. 02685_ Subatomizers dissect the Disposable Heat Sink. 02685_ Acquired Battle Cannon. 02691_ BP-C91(u) builds Twisted Machinery. 02697_ Subatomizers dissect the Sub. Monowheel. 02701_ BP-C91(u) builds Twisted Machinery. 02705_ Acquired 4 matter. 02711_ Subatomizers dissect the Sub. Monowheel. 02711_ Acquired Sub. Power Source. 02722_ Subatomizers dissect the Sub. Monowheel. 03065_ BP-C91(u) builds Twisted Machinery. 03149_ Acquired 3 matter. 03322_ Acquired Mak. Spear. 03388_ Lgt. Treads destroyed. Map ----- +----------------------------------------------------+ | ?????????????????????????????????????????????????? | | ???????????????????????????????????????????? ?? | | ?????????????????????????????????????????????# | | ?????????????????????????????????????????????# | | ????????????????????????????????????????????# | | ???????????????????????????????????????????# | | ??????????????????????????????????????????????? | | ??????????????????????????????????????????????? | | ????????????????????????? ??# ? #????????????? | | ???????????????????????? ? ????????????# | | ???????????????????????? ???????????# # | | ???????????????????????? ???????????# | | ???????????????????????# ??? ??????## # | | ??????????????? ?????? #?? ??????# | | ??????????????? ?????? ## ### #?????## | | ??????????????? #?????# ## #???#### | | ??????????????? #???## #???## | | ????????????????? #### #???## %% | | ??????????????????# #???## | | ??????????????????# ##### | | ?????????????###### %## | | ????????????## ## % | | ????????????# R %%##% ## ## # | | ????????????# R %### ###### | | ???????????# ## % %#?# #????? | | ??????????????# @ ### ## ##????? | | ??????????????# ##?# ## ## ?????? | | ?????????????# #?# #### ### ????? | | ?????????????# #??# %#?## ????? | | ????????????# ## ??# ##??#####???? | | ???????????? ???## ## ??# #???????????? | | ???????????? ??????# #?## #??????????? | | ???????????????????####???# ?????????? | | ??????????????????????????# ## ????????? | | ??????????????????????????##?## ###???????? | | ??????????????????????????????# ## $?????????? | | ??????????????????????????????## #?## ????????? | | ???????????????????????????????##???? ????????? | | ????????????????????????????????????? ###???????? | | ????????????????????????????????????? #?????????? | | ????????????????????????????????????? ?????????? | | ????????????????????????????????????? ?????????? | | ????????????????????????????????????? ?????????? | | ?????????????????????????????????????## ?????????? | | ??????????????????????????????????????? ????????? | | ?????????????????????????????????????????????????? | | ?????????????????????????????????????????????????? | | ?????????????????????????????????????????????????? | | ?????????????????????????????????????????????????? | | ?????????????????????????????????????????????????? | +----------------------------------------------------+ Best States ------------- Heat Dissipation 39 Energy Generation 10 Energy Capacity 250 Matter Stores 300 Matter Capacity 300 Sight Range 16 Terrain Scan Density 10 Core Shielding 20 Evasion (%) 55 Recoil Reduction 2 Item Schematics ----------------- None Robot Schematics ------------------ None Fabricated ------------ Nothing Alien Tech Used ----------------- None Achievements -------------- None Challenges ------------ None Game ------ Seed GlidesysPointRecalibrator Manual? 0 Play Time 00:26:42 Cumulative 60.5 hours Start 2024.06.05 @ 19:21:59 End 2024.06.05 @ 23:15:46 Sessions 2 Manual Loads 0 Difficulty Rogue Special Mode None Game No. 39 Rogue 36 Adventurer 3 Explorer 0 Win Type - Total 1 Types 1/0/0/0/0/0/0/0/0 Lore% 30 Gallery% 41 Achievement% 33 Wizard Run 0 Options --------- Layout 2 ASCII 0 Keyboard 1 Movement Vi Keybinds 1 Fullscreen 2 Font 24/Smallcaps Map View 50x44 Zoom Use 0% Tactical HUD 1 Map Filters NONE Filters NONE Steam 1 RUN: 4dc56bf8-4285-45d5-93b0-8d479fd073b1